 Dungeon Crawl Stone Soup version 0.26.0-10-g1f06aea511 (webtiles) character file.

Game seed: 13494430505968008480

21 CurlyBrace the Grasshopper (level 2, -2/13 HPs)
             Began as a Felid Warper on Jan 14, 2021.
             Slain by Purgy (8 damage)
             ... on level 4 of the Dungeon.
             The game lasted 00:05:21 (383 turns).

CurlyBrace the Grasshopper (Felid Warper)            Turns: 383, Time: 00:05:22

Health: -2/13      AC:  1    Str:  7    XL:     2   Next: 62%
Magic:  6/6        EV: 18    Int: 14    God:
Gold:   72         SH:  0    Dex: 15    Spells: 3/5 levels left
                                        Lives:  0   Deaths: 0

rFire    . . .     SeeInvis +     - Unarmed
rCold    . . .     Faith    .   (shield unavailable)
rNeg     . . .     Spirit   .   (armour unavailable)
rPois    .         Reflect  .   (helmet unavailable)
rElec    .         Harm     .   (cloak unavailable)
rCorr    .         Rampage  .   (gloves unavailable)
Will     .....                  (boots unavailable)
Stlth    ++........             (no amulet)
HPRegen  0.04/turn              (no ring)
MPRegen  0.10/turn              (no ring)

@: quick
A: very small, no armour, no weapons or thrown items, stealth, claws 1, fangs 3,
see invisible, speed 1, shaggy fur 1, sharp paws
a: no special abilities


You were on level 4 of the Dungeon.
You visited 1 branch of the dungeon, and saw 6 of its levels.

You collected 72 gold pieces.

Inventory:

Scrolls
 x - a scroll of remove curse


   Skills:
 - Level 2.0 Fighting
 - Level 3.2 Dodging
 + Level 2.3 Stealth
 + Level 2.7 Unarmed Combat
 - Level 2.0 Spellcasting
 - Level 4.4 Translocations


You had 3 spell levels left.
You knew the following spells:

 Your Spells              Type           Power        Failure   Level
a - Blink                 Tloc           N/A          6%          2

Your spell library contained the following spells:

 Spells                   Type           Power        Failure   Level
 Gell's Gravitas          Tloc           6%           12%         3
 Lesser Beckoning         Tloc           6%           12%         3
 Teleport Other           Tloc           13%          12%         3
 Confusing Touch          Hex            1%           56%         3
 Passage of Golubria      Tloc           N/A          36%         4
 Petrify                  Tmut/Erth      1%           93%         4
 Metabolic Englaciation   Hex/Ice        0%           100%        5
 Yara's Violent Unravell  Hex/Tmut       0%           100%        5


Dungeon Overview and Level Annotations

Branches:
Dungeon (6/15)
 Temple: D:4-7

Altars:
Gozag

Shops:
D:2 *

Annotations:
D:4 Edmund, Purgy


Innate Abilities, Weirdness & Mutations

You cannot wear armour.
You are incapable of wielding weapons or throwing items.
Your paws allow you to move quietly. (Stealth)
You have sharp claws.
You have razor-sharp teeth.
You have supernaturally acute eyesight. (SInv)
You cover ground quickly.
You are covered in fur. (AC +1)
Your sharp claws are effective at attacking unaware monsters.


Message History

An adder skeleton comes into view.
Edmund the Younger comes into view.
He is wielding a +3 flail of protection.
Purgy looks around nervously.
The adder skeleton completely misses you.
You barely miss the adder skeleton.
You bite the adder skeleton, but do no damage.
The adder skeleton bites you but does no damage.
You claw the adder skeleton!
The adder skeleton is severely damaged.
The adder skeleton bites you but does no damage.
Purgy snarls, "My home!
Leave!"
You closely miss the adder skeleton.
You bite the adder skeleton, but do no damage.
The adder skeleton is severely damaged.
The adder skeleton bites you but does no damage.
You closely miss the adder skeleton. You bite the adder skeleton.
The adder skeleton is almost destroyed.
The adder skeleton bites you. Purgy bites you!
Ouch! That really hurt!
You die...

...........# #T##.#.#.#####
#.# #[##.......... #.#
.............. #.###
###......##### #.#..
##.##### #.#.# #.# #.#@#
#T# #Z#.# #.# #@#.# #.#
#T#.# #.# #...# ## #B###
#### #.####### #.# #.##.
..# #........ ...# ####.##.
#.####.####### ... ...r.##.
#>.......# ##.##
#######.###.####.#.#
##...##
#..........#.#######.....##


You could see Purgy and an adder skeleton.

Vanquished Creatures
  An adder (D:2)
  A dart slug (D:2)
  A leopard gecko (D:2)
  2 hobgoblins
  A ball python (D:4)
  2 bats (D:2)
  A kobold (D:2)
  2 rats
11 creatures vanquished.

Notes
Turn   | Place    | Note
-------+----------+-------------------------------------------
     0 | D:1      | CurlyBrace the Felid Warper began the quest for the Orb.
     0 | D:1      | Reached XP level 1. HP: 9/9 MP: 4/4
    27 | D:2      | Reached skill level 1 in Stealth
    27 | D:2      | Reached XP level 2. HP: 9/13 MP: 6/6
    33 | D:2      | Learned a level 2 spell: Blink
    42 | D:2      | Found an opulent altar of Gozag.
    48 | D:2      | Found Gozag's Platinum Reserve.
   151 | D:4      | Noticed Purgy
   223 | D:4      | Noticed a scorpion
   248 | D:5      | Entered Level 5 of the Dungeon
   377 | D:4      | Noticed Edmund
   383 | D:4      | Slain by Purgy

Illustrated notes

Levels and vault maps discovered:
D:1:      dpeg_arrival_renting, layout_loops_ring
D:2:      layout_rooms, nicolae_gozag_zags_fifth_avenue
D:3:      layout_basic, grunt_qazlal_sundering, uniq_grinder
D:4:      layout_loops_ring, temple_fountains, hangedman_decor_clover_reticule,
          lightli_corner_chamber, uniq_purgy, uniq_edmund
D:5:      layout_basic, grunt_dithmenos_smoke, uniq_eustachio,
          uniq_crazy_yiuf_cottage, uniq_ijyb
D:6:      layout_basic, kennysheep_mini_moat, kennysheep_mini,
          nicolae_overflow_crystal_walls, serial_bayou_crossing

Skill      XL: |  1  2 |
---------------+-------+-----
Stealth        | 1 2 |  2.3
Fighting       | |  2.0
Dodging        | |  3.2
Unarmed Combat | |  2.7
Spellcasting   | |  2.0
Translocations | |  4.4

Action                   || total
-------------------------++-------
Melee: Unarmed           ||    33
       Bite              ||     6
 Cast: Blink             ||    12
  Use: Scroll            ||     3
       Potion            ||     1
 Stab: Sleeping          ||     4
Armor: Skin              ||     5
Dodge: Dodged            ||    39
